 Dungeon Crawl Stone Soup version 0.23.2-30-g0e89c35649 (webtiles) character file.

Game seed: 13492340951336562515

314 OdinFK the Ruffian (level 6, -3/91 HPs)
             Began as a Troll Berserker on June 7, 2019.
             Was a Priest of Trog.
             Slain by a gnoll shaman
             ... wielding a +0 whip
              (6 damage)
             ... on level 5 of the Dungeon.
             The game lasted 00:06:03 (2525 turns).

OdinFK the Ruffian (Troll Berserker)                Turns: 2525, Time: 00:06:04

Health: -3/91      AC:  6    Str: 33    XL:     6   Next: 19%
Magic:  5/5        EV: 11    Int:  3    God:    Trog [***...]
Gold:   180        SH:  0    Dex:  9    Spells: 5/5 levels left

rFire    . . .     SeeInvis .     - Unarmed
rCold    . . .     Gourm    +   (no shield)
rNeg     . . .     Faith    .   a - +0 animal skin
rPois    .         Spirit   .   (helmet restricted)
rElec    .         Reflect  .   (no cloak)
rCorr    .         Harm     .   (gloves unavailable)
MR       .....                  (boots unavailable)
Stlth    ..........             (no amulet)
HPRegen  0.65/turn              (no ring)
MPRegen  0.09/turn              (no ring)

@: berserking, very quick
A: large, unfitting armour, claws 3, fast metabolism 3, gourmand, regeneration
1, shaggy fur 1, tough skin 3
a: Berserk, Trog's Hand, Renounce Religion


You were on level 5 of the Dungeon.
You worshipped Trog.
Trog was most pleased with you.
You were very full.

You visited 1 branch of the dungeon, and saw 5 of its levels.

You collected 180 gold pieces.

Inventory:

Missiles
 d - a throwing net (quivered)
Armour
 a - a +0 animal skin (worn)
Scrolls
 c - 4 scrolls of remove curse {unknown}
 e - a scroll of enchant armour {unknown}
 g - a scroll of identify {unknown}
 h - a scroll of random uselessness {unknown}
 i - 2 scrolls of enchant weapon {unknown}
 j - 3 scrolls of teleportation {unknown}
 k - a scroll of fear {unknown}
 l - a scroll of immolation {unknown}
 m - a scroll of noise {unknown}
 n - a scroll of silence {unknown}
Potions
 f - 3 potions of lignification {unknown}
Comestibles
 b - 11 rations
 o - 2 chunks of flesh


   Skills:
 + Level 3.5 Fighting
 + Level 3.5 Dodging
 * Level 5.4 Unarmed Combat


You had 5 spell levels left.
You didn't know any spells.
Your spell library was empty.

Dungeon Overview and Level Annotations

Branches:
Dungeon (5/15)
 Temple: D:4-7

Altars:
Kikubaaqudgha
Okawaru
The Shining One


Innate Abilities, Weirdness & Mutations

You are too large for most types of armour.
You have claws for hands.
Your metabolism is lightning-fast.
You like to eat raw meat.
Your natural rate of healing is unusually fast.
You are covered in fur. (AC +1)
You have extremely tough skin. (AC +3)


Message History

* * * LOW HITPOINT WARNING * * *
The gnoll shaman closely misses you.
You closely miss the howler monkey. The howler monkey hits you!
* * * LOW HITPOINT WARNING * * *
You barely miss the howler monkey. The gnoll shaman barely misses you.
The howler monkey hits you.
* * * LOW HITPOINT WARNING * * *
You barely miss the howler monkey. Your claw misses the howler monkey.
The orc wizard gestures wildly while chanting.
The orc wizard flickers and vanishes!
Deactivating autopickup; reactivate with Ctrl-A.
The gnoll shaman hits you with a +0 whip!
* * * LOW HITPOINT WARNING * * *
Unknown command.
You mangle the howler monkey!!
You kill the howler monkey!
Trog accepts your kill.
You scratch the gnoll shaman but do no damage.
The gnoll shaman hits you with a +0 whip.
You die...

#..##)# #...# #.##......######
#.###.######...###.##........##..
#. #.##...........##.#......##..
#. #............................
#. ####...........##.##.....##..
#. #####...#######.#.....##..
#...# ##.#.#######
#...##########.### #...#@.o..#
#...# ##.##g###.# ###.#
#.##{###.# #.# ########
#......#.### #.# #......#
#######.#.#.#.## #.##### #.####.#
#..............# #......
#.####.###.####.##.##..## #######
#.##.......####.##.##..#
#.##.#.######......##..####


You could see a gnoll shaman and an orc.

Vanquished Creatures
  A howler monkey (D:5)
  An orc wizard (D:3)
  2 hound skeletons (D:5)
  7 gnolls
  5 adders
  An ooze (D:1)
  A dart slug (D:5)
  A leopard gecko (D:1)
  5 orcs (D:3)
  4 giant cockroaches
  13 goblins
  12 hobgoblins
  8 jackals
  2 quokkas (D:3)
  A ball python (D:4)
  10 bats
  3 frilled lizards
  12 kobolds
  5 rats
  A bush (D:1)
95 creatures vanquished.

Notes
Turn   | Place    | Note
-------+----------+-------------------------------------------
     0 | D:1      | OdinFK the Troll Berserker began the quest for the Orb.
     0 | D:1      | Reached XP level 1. HP: 22/22 MP: 0/0
   204 | D:1      | Reached XP level 2. HP: 29/29 MP: 1/1
   328 | D:1      | Reached XP level 3. HP: 34/36 MP: 2/2
   361 | D:1      | Reached ** piety under Trog
   896 | D:2      | Reached skill level 4 in Unarmed Combat
   897 | D:2      | Reached XP level 4. HP: 37/44 MP: 3/3
  1750 | D:3      | Reached *** piety under Trog
  1751 | D:3      | Reached XP level 5. HP: 49/53 MP: 4/4
  1979 | D:3      | Found an iron altar of Okawaru.
  1979 | D:3      | Found an ancient bone altar of Kikubaaqudgha.
  2096 | D:3      | Found a glowing golden altar of the Shining One.
  2193 | D:4      | You fall through a shaft!
  2193 | D:5      | Entered Level 5 of the Dungeon
  2201 | D:5      | Reached skill level 5 in Unarmed Combat
  2468 | D:5      | Reached XP level 6. HP: 22/61 MP: 5/5
  2523 | D:5      | HP: 2/91 [gnoll shaman/+0 whip (12)]
  2525 | D:5      | Slain by a gnoll shaman

Skill      XL: |  1  2  3  4  5 |
---------------+----------------+-----
Unarmed Combat | 4 5 |  5.4
Fighting       | 3 |  3.5
Dodging        | 3 |  3.5

Action                   |  1- 3 |  4- 6 || total
-------------------------+-------+-------++-------
Melee: Unarmed           |   105 |   197 ||   302
       Punch             |     3 |     8 ||    11
Invok: Berserk           |       |     1 ||     1
 Stab: Sleeping          |       |     1 ||     1
  Eat: Chunk             |    12 |    17 ||    29
Armor: Animal skin       |    25 |    73 ||    98
Dodge: Dodged            |    45 |   120 ||   165
